 Dungeon Crawl Stone Soup version 0.31.0-4-g52a2dc7128 (webtiles) character file.

Game seed: 18336637507605252418

499 Strat the Cutter (level 7, -2/35 (41) HPs)
             Began as a Kobold Reaver on Jan 22, 2024.
             Killed by divine providence
             ... invoked by an orc priest
              (14 damage)
             ... on level 5 of the Dungeon.
             The game lasted 00:08:34 (4614 turns).

Strat the Cutter (Kobold Reaver)                    Turns: 4614, Time: 00:08:34

HP:   -2/35 (41)    AC: 10    Str:  9    XL:     7   Next: 39%
MP:   12/13         EV: 19    Int: 15    God:
Gold: 212           SH:  0    Dex: 15    Spells: 11/14 levels left

rFire   . . .        a - +0 short sword
rCold   . . .        (no shield)
rNeg    . . .        q - +0 leather armour
rPois   .            m - +1 helmet {SInv}
rElec   .            (no cloak)
rCorr   .            r - +0 pair of gloves
SInv    +            (no boots)
Will    .....        (no amulet)
Stlth   ++++         c - +4 ring of protection
HPRegen 0.25/turn    v - +5 ring of evasion
MPRegen 0.13/turn

%: no passive effects
@: heavily drained
A: small, no large weapons, nightstalker 3
a: no special abilities


You were on level 5 of the Dungeon.
You visited 1 branch of the dungeon, and saw 5 of its levels.

You collected 212 gold pieces.

Inventory:

Hand Weapons
 a - a +0 short sword (weapon)
 b - a +0 sling
Armour
 m - a +1 helmet of see invisible (worn)
 q - a +0 leather armour (worn)
 r - a +0 pair of gloves (worn)
Jewellery
 c - a +4 ring of protection (left hand)
 d - a ring of flight
 h - a ring of see invisible
 k - an amulet of faith
 p - a +6 ring of dexterity
 v - a +5 ring of evasion (right hand)
Scrolls
 i - 4 scrolls of identify {unknown}
 j - 2 scrolls of teleportation {unknown}
 l - 3 scrolls of blinking {unknown}
 n - a scroll of torment {unknown}
 o - a scroll of revelation {unknown}
 s - a scroll of fog {unknown}
 t - a scroll of poison {unknown}
 x - 2 scrolls of enchant armour {unknown}
Potions
 e - a potion of attraction {unknown}
 f - 3 potions of curing {unknown}
 g - 3 potions of might {unknown}
 u - 2 potions of mutation {unknown}
 w - a potion of invisibility {unknown}


   Skills:
 + Level 3.2 Fighting
 - Level 5.7 Short Blades
 + Level 2.8 Ranged Weapons
 - Level 2.4 Dodging
 - Level 5.0 Stealth
 - Level 4.0 Spellcasting
 - Level 4.0 Conjurations


You had 11 spell levels left.
You knew the following spells:

 Your Spells              Type           Power      Damage    Failure   Level
a - Kiss of Death         Conj/Necr      36%        2d8       11%         1
b - Momentum Strike       Conj/Tloc      18%        3d8       17%         2

Your spell library contained the following spells:

 Spells                   Type           Power      Damage    Failure   Level
 Freeze                   Ice            12%        1d3       26%         1
 Hailstorm                Conj/Ice       9%         3d6       32%         3
 Mercury Vapours          Alch/Air       6%         N/A       36%         2
 Mephitic Cloud           Conj/Alch/Air  6%         N/A       41%         3
 Frozen Ramparts          Ice            6%         1d1       58%         3
 Gell's Gravitas          Tloc           3%         N/A       58%         3
 Teleport Other           Tloc           3%         N/A       58%         3
 Freezing Cloud           Conj/Ice/Air   3%         6-21      99%         5
 Dispersal                Tloc           1%         N/A       100%        6


Dungeon Overview and Level Annotations

Branches:
Dungeon (5/15)
 Temple: D:4-7

Altars:
Cheibriados
Dithmenos

Annotations:
D:4 Edmund
D:5 Menkaure, Pikel


Innate Abilities, Weirdness & Mutations

You are small and have problems with some larger weapons.
You are completely attuned to the shadows.


Message History

You bump into the rock wall.
The orc wizard misses you.
You bump into the rock wall.
The orc wizard casts a spell at you. The magic dart hits you.
* * * LOW HITPOINT WARNING * * *
You barely miss the orc wizard.
The orc wizard is moderately wounded.
The orc priest casts a cantrip, but nothing happens.
You bump into the rock wall.
The orc wizard closely misses you.
You feel less confused.
The orc priest invokes the aid of Beogh against you.
Beogh smites you!
* * * LOW HITPOINT WARNING * * *
The orc wizard closely misses you. The orc wizard barely misses you.
Casting: Momentum Strike (safe; 17% risk of failure)
Confirm with . or Enter, or press ? or * to list all spells.
Aiming: Kiss of Death (safe; 11% risk of failure)
Press: ? - help, Shift-Dir - straight line, f - orc priest
Aim: an orc priest, wielding a +0 hand axe (100% to hit)
The negative energy hits the orc priest!
The orc priest is drained!
The orc priest is severely wounded.
You feel drained. The orc wizard closely misses you.
The orc priest hits you with a +0 hand axe.
* * * LOW HITPOINT WARNING * * *
You hit the orc priest.
The orc priest is almost dead.
The orc priest closely misses you.
The orc wizard gestures at you while chanting.
The magic dart hits you.
* * * LOW HITPOINT WARNING * * *
You hit the orc priest but do no damage.
The orc priest is almost dead.
You barely miss the orc priest.
The orc priest is almost dead.
The orc wizard closely misses you.
The orc priest calls down the wrath of Beogh upon you.
Beogh smites you!
You die...

#..###....... #..#
##.##### #..# #.#
#..# #.#
#..####.####
#..#.......#
#..#.##.##.#
######..#.##.##.#
#....o@.........#
#.####o.#.##.##.#
$....# #..#.##.##.#
...######..#....(..#
................##.#
.########..#######.#
#..# #.# #..#### #.#
#.....# #.#


You could see an orc priest (very drained) and an orc wizard.

Vanquished Creatures
  A phantom (D:5)
  A lemure (D:5)
  A scorpion (D:3)
  2 jellies (D:5)
  An orc wizard (D:4)
  8 gnolls
  11 adders
  2 dart slugs
  2 ribbon worms (D:2)
  9 orcs
  6 bats
  4 endoplasms
  4 giant cockroaches
  7 goblins
  4 hobgoblins
  A jackal (D:2)
  7 kobolds
  8 quokkas
  9 ball pythons
  2 frilled lizards (D:2)
  5 rats
  A spectral goblin (D:1)
96 creatures vanquished.

Notes
Turn   | Place    | Note
-------+----------+-------------------------------------------
     0 | D:1      | Strat the Kobold Reaver began the quest for the Orb.
     0 | D:1      | Reached XP level 1. HP: 12/12 MP: 3/3
   112 | D:1      | Reached skill level 1 in Stealth
   125 | D:1      | Found a faded altar of an unknown god.
   211 | D:1      | Reached XP level 2. HP: 15/17 MP: 5/5
   906 | D:2      | Learned a level 2 spell: Momentum Strike
   906 | D:2      | You fall into a shaft and drop 1 floor!
   986 | D:3      | Reached XP level 3. HP: 10/19 MP: 4/6
  1077 | D:3      | Found a snail-covered altar of Cheibriados.
  1175 | D:3      | Reached XP level 4. HP: 26/26 MP: 7/7
  1222 | D:3      | Reached skill level 5 in Short Blades
  1552 | D:3      | Reached XP level 5. HP: 30/30 MP: 9/9
  1595 | D:3      | Found a shadowy altar of Dithmenos.
  2034 | D:4      | Noticed Edmund
  2086 | D:5      | Entered Level 5 of the Dungeon
  2113 | D:5      | Noticed a two-headed ogre
  2139 | D:5      | Noticed a phantom
  2165 | D:5      | Killed a phantom
  2166 | D:5      | Reached XP level 6. HP: 30/35 MP: 9/11
  2205 | D:5      | Noticed Menkaure
  3120 | D:2      | Reached skill level 1 in Ranged Weapons
  3743 | D:3      | Reached skill level 5 in Stealth
  3743 | D:3      | Reached XP level 7. HP: 17/40 MP: 12/12
  4328 | D:5      | Noticed Pikel
  4614 | D:5      | Killed from afar by an orc priest

Illustrated notes

Levels and vault maps discovered:
D:1:      lemuel_arrival_cross, layout_loops_ring,
          dreamdust_ecumenical_altar_drowned_temple, minmay_tromino_v2
D:2:      layout_loops_corners, grunt_ministairs_5, skrybe_limestone_x,
          minmay_joined_circles
D:3:      layout_basic, overflow_temple_1_default, lemuel_crystal_altar,
          st_stairs_9
D:4:      layout_basic, uniq_edmund
D:5:      layout_loops_ring, uniq_menkaure, uniq_blork_the_orc, uniq_pikel

Skill      XL: |  1  2  3  4  5  6  7 |
---------------+----------------------+-----
Stealth        | 1 2 3 4 5 |  5.0
Short Blades   | 5 |  5.7
Spellcasting   | 3 4 |  4.0
Conjurations   | 4 |  4.0
Ranged Weapons | 1 2 |  2.8
Fighting       | 3 |  3.2
Dodging        | |  2.4

Action                     |  1- 3 |  4- 6 |  7- 9 || total
---------------------------+-------+-------+-------++-------
  Melee: Short sword       |    75 |   236 |   116 ||   427
         Punch             |       |     4 |     1 ||     5
   Fire: Sling             |       |    32 |    38 ||    70
   Cast: Kiss of Death     |     1 |       |     1 ||     2
   Stab: Sleeping          |     8 |    18 |       ||    26
 Armour: Leather armour    |    23 |    70 |    50 ||   143
  Dodge: Dodged            |    40 |   170 |   101 ||   311
